[Event "African Online-ch Open 2021"]
[Site "Online"]
[Date "2021.02.01"]
[Round "6.18"]
[White "Ndegwa, Jackson Kamau"]
[Black "Singe, Philip Mbawala"]
[Result "1-0"]
[ECO "C42"]
[WhiteElo "2001"]
[BlackElo "1857"]
[Annotator "RC"]
[PlyCount "121"]
[EventDate "2021.02.01"]
[EventType "swiss"]
[EventCountry "NET"]
[SourceTitle "playchess.com"]
[Source "ChessBase"]
[SourceQuality "1"]
[TimeControl "1500+10"]

1. e4 e5 2. Nf3 Nf6 3. Nxe5 d6 4. Nf3 Nxe4 5. d4 d5 6. Bd3 Nc6 7. O-O Be7 8. c3 O-O 9. Bf4 Bg4 10. h3 Bh5 11. Nbd2 Nxd2 12. Qxd2 Bg6 13. Rfe1 Bd6 14. Ne5 Re8 15. Nxg6 hxg6 16. Bb5 Bxf4 17. Qxf4 Qd6 18. Qxd6 cxd6 19. f3 Kf8 20. Ba4 Rxe1+ 21. Rxe1 Re8 22. Rxe8+ Kxe8 23. Kf2 Kd7 24. g4 g5 25. Kg3 Ke6 26. Bxc6 bxc6 27. f4 f6 28. f5+ Kf7 29. h4 Ke7 30. hxg5 fxg5 31. Kf3 Kd7 32. Ke3 Kc7 33. Kd3 Kb6 34. c4 Ka5 35. cxd5 cxd5 36. Kc3 Kb5 37. Kb3 a5 38. a4+ Ka6 39. Ka3 Kb6 40. b4 Ka6 41. bxa5 Kxa5 42. Kb3 Ka6 43. Kb4 Kb6 44. a5+ Ka6 45. Ka4 Ka7 46. Kb5 Kb7 47. a6+ Kc7 48. a7 Kb7 49. a8=Q+ Kxa8 50. Kc6 Kb8 51. Kxd6 Kc8 52. Kxd5 Kd7 53. Ke5 Ke7 54. d5 Kd7 55. d6 Kd8 56. Ke6 Ke8 57. d7+ Kd8 58. Kf7 Kxd7 59. Kxg7 Ke7 60. Kg6 Kf8 61. Kxg5 1-0

[Event "African Online-ch Open 2021"]
[Site "Online"]
[Date "2021.02.01"]
[Round "6.21"]
[White "Khalema, Sechaba"]
[Black "Vermaak, Ashley Christopher"]
[Result "0-1"]
[ECO "D10"]
[WhiteElo "1827"]
[BlackElo "1751"]
[Annotator "NA RC"]
[PlyCount "74"]
[EventDate "2021.02.01"]
[EventType "swiss"]
[EventCountry "NET"]
[SourceTitle "playchess.com"]
[Source "ChessBase"]
[SourceQuality "1"]
[TimeControl "1500+10"]

1. d4 d5 2. c4 c6 3. cxd5 cxd5 4. Nc3 Nf6 5. Bf4 Nc6 6. e3 a6 7. Bd3 Bg4 8. Nge2 e6 9. h3 Bh5 10. O-O Bd6 11. Qd2 Bg6 12. Rac1 Rc8 13. Rfd1 O-O 14. Kh1 Ne4 15. Bxe4 Bxe4 16. Nxe4 dxe4 17. a3 Bxf4 18. Nxf4 g5 19. Ne2 Ne7 20. Rxc8 Qxc8 21. Rc1 Qd7 22. Rc5 Nd5 23. Qc2 f5 24. Kg1 h5 25. g4 hxg4 26. hxg4 Qf7 27. gxf5 Qxf5 28. Ng3 Qf3 29. Nxe4 Rf5 30. Ng3 Nxe3 31. Rc8+ Kh7 32. Rc7+ Kg6 33. Qe4 Qxf2+ 34. Kh1 Qe1+ 35. Kh2 Qf2+ 36. Kh1 Qe1+ 37. Kh2 Nf1+ 0-1

[Event "African Online-ch Open 2021"]
[Site "Online"]
[Date "2021.02.01"]
[Round "7.20"]
[White "Libe, Sofonea"]
[Black "Kamara, Ansumana"]
[Result "1/2-1/2"]
[ECO "A16"]
[WhiteElo "1509"]
[BlackElo "1899"]
[Annotator "NA RC"]
[PlyCount "186"]
[EventDate "2021.02.01"]
[EventType "swiss"]
[EventCountry "NET"]
[SourceTitle "playchess.com"]
[Source "ChessBase"]
[SourceQuality "1"]
[TimeControl "1500+10"]

1. c4 Nf6 2. g3 g6 3. Bg2 Bg7 4. Nc3 c6 5. e4 e5 6. Nge2 d6 7. d3 Nbd7 8. Be3 Nb6 9. h3 O-O 10. a4 Nbd7 11. O-O b6 12. Qd2 Qc7 13. Bh6 Nc5 14. Nc1 Be6 15. Bxg7 Kxg7 16. b4 Nb7 17. N1e2 Qd7 18. Kh2 Nh5 19. f4 exf4 20. Nxf4 Nxf4 21. Rxf4 f5 22. Raf1 Rf7 23. b5 c5 24. exf5 Bxf5 25. Nd5 Raf8 26. Qc3+ Kg8 27. g4 Be6 28. Nf6+ Rxf6 29. Rxf6 Re8 30. Bc6 {[%emt 0:01:13] Skewer} Qe7 31. Bxe8 Qxe8 32. Qd2 Nd8 33. Qe3 Qd7 34. Qf4 Kg7 35. d4 Bxc4 36. Rxd6 Qe7 37. Rf3 Nf7 38. Re3 Qxd6 39. Qxd6 Nxd6 40. dxc5 bxc5 41. Re7+ Bf7 $2 (41... Kf6 42. Rxa7 Bd5) 42. Rxa7 c4 43. Rc7 Kf6 44. b6 Bd5 45. a5 Bb7 46. Rxb7 Nxb7 47. a6 c3 48. axb7 c2 49. b8=Q c1=Q 50. Qd6+ Kg5 51. Qe7+ Kh6 52. g5+ (52. b7 $142 Qf4+ 53. Kg2 Qb8 54. Kf3 Qg8 55. Qe3+ g5 56. Qb6+ Kg7 57. Qb2+ Kg6 58. b8=Q) 52... Kh5 53. Qxh7+ Kxg5 54. Qe7+ Kh5 55. Qe5+ Kh6 56. Qd4 Qc2+ 57. Kg3 Qb3+ 58. Kf2 Qc2+ 59. Kf3 g5 60. Qf6+ Kh5 61. Qf7+ Kh4 62. Qc7 Qb3+ 63. Ke4 Qe6+ 64. Kd4 Qf6+ 65. Kc5 Qf2+ 66. Kc6 Qf3+ 67. Kb5 Qb3+ 68. Ka6 Qa4+ 69. Kb7 Kxh3 70. Kb8 g4 71. b7 g3 72. Qh7+ Kg4 73. Kc8 Qe8+ 74. Kc7 Qe5+ 75. Kc8 Qe8+ 76. Kc7 Qe5+ 77. Kb6 g2 78. Qg8+ Qg5 79. b8=Q g1=Q+ 80. Ka6 Qa1+ 81. Kb7 Qb2+ 82. Kc6 Qc3+ 83. Kd6 Qd4+ 84. Kc7 Qdc5+ 85. Kb7 Qb5+ 86. Kc7 Qa5+ 87. Kb7 Qab5+ 88. Kc7 Qbc5+ 89. Kb7 Qce7+ 90. Ka8 Qe4+ 91. Ka7 $11 Qd4+ 92. Kb7 Qb4+ 93. Kc7 Qbc5+ 1/2-1/2

[Event "African Online-ch Open 2021"]
[Site "Online"]
[Date "2021.02.01"]
[Round "7.21"]
[White "Monaheng Motlomelo"]
[Black "Bongo Akanga Ndjila, Barthelemy"]
[Result "0-1"]
[ECO "B22"]
[WhiteElo "1538"]
[BlackElo "1803"]
[Annotator "NA RC"]
[PlyCount "66"]
[EventDate "2021.02.01"]
[EventType "swiss"]
[EventCountry "NET"]
[SourceTitle "playchess.com"]
[Source "ChessBase"]
[SourceQuality "1"]
[TimeControl "1500+10"]

1. e4 g6 2. Nf3 Bg7 3. d4 c5 4. c3 cxd4 5. cxd4 d6 6. Bc4 Nf6 7. Nc3 O-O 8. O-O Nc6 9. h3 Nxe4 10. Bxf7+ Rxf7 11. Nxe4 Rxf3 12. Qxf3 Nxd4 13. Qd1 Bf5 14. Be3 Qb6 15. Ng3 Be6 16. Re1 Bf7 17. Rb1 Bxa2 18. Ra1 Bb3 19. Bxd4 Bxd4 20. Qe2 Rf8 21. Nh1 e5 22. Ra3 d5 23. Rea1 Bc4 24. Qd2 Qxb2 25. Qxb2 Bxb2 26. Rxa7 Bxa1 27. Rxa1 b5 28. f3 b4 29. Nf2 b3 30. Rb1 Rb8 31. Rb2 Ra8 32. Nd1 Ra1 33. Rd2 b2 0-1

[Event "African Online-ch Open 2021"]
[Site "Online"]
[Date "2021.02.01"]
[Round "8.12"]
[White "Hamzaoui, Khalil"]
[Black "Mwashe, Philip"]
[Result "1-0"]
[ECO "E62"]
[WhiteElo "1883"]
[BlackElo "1756"]
[Annotator "NA RC"]
[PlyCount "91"]
[EventDate "2021.02.01"]
[EventType "swiss"]
[EventCountry "NET"]
[SourceTitle "playchess.com"]
[Source "ChessBase"]
[SourceQuality "1"]
[TimeControl "1500+10"]

1. Nf3 Nf6 2. g3 g6 3. Bg2 Bg7 4. O-O d6 5. d4 O-O 6. c4 c6 7. Nc3 d5 8. cxd5 cxd5 9. Ne5 e6 10. Bg5 Nbd7 11. Qd2 a6 12. Rac1 Qb6 13. Na4 Qa7 14. Nc5 Nxe5 15. dxe5 Nd7 16. Nxd7 Bxd7 17. Bf6 Rac8 18. h4 Qb8 19. Qf4 Bb5 20. h5 Bxe2 21. Bxg7 Rxc1 22. Rxc1 Rc8 23. Rxc8+ Qxc8 24. Bh6 Qd8 25. hxg6 hxg6 26. Bg5 Qf8 27. Bf6 Kh7 28. Bg5 Qg7 29. Qh4+ Kg8 30. Bf6 Qh7 31. Qa4 Bb5 32. Qa5 Qh6 33. Qd8+ Qf8 34. Qc7 Bc6 35. Qb6 Qh6 36. Qd8+ Qf8 37. Qxf8+ Kxf8 38. Kf1 Ke8 39. Ke2 Kd7 40. Kd3 Kc7 41. Kd4 b6 42. f4 Kd7 43. g4 Kc7 44. Bf1 b5 45. Kc5 Bb7 46. Bd3 1-0

[Event "African Online-ch Open 2021"]
[Site "Online"]
[Date "2021.02.01"]
[Round "8.18"]
[White "Bongo Akanga Ndjila, Barthelemy"]
[Black "Khalema, Sechaba"]
[Result "1-0"]
[ECO "D03"]
[WhiteElo "1803"]
[BlackElo "1827"]
[Annotator "NA RC"]
[PlyCount "93"]
[EventDate "2021.02.01"]
[EventType "swiss"]
[EventCountry "NET"]
[SourceTitle "playchess.com"]
[Source "ChessBase"]
[SourceQuality "1"]
[TimeControl "1500+10"]

1. d4 d5 2. Nf3 Nf6 3. Bg5 e6 4. e3 c5 5. Nbd2 Nc6 6. c3 Qb6 7. Qc2 Be7 8. Bd3 h6 9. Bh4 Bd7 10. Ne5 Rc8 11. Nxd7 Nxd7 12. Bxe7 Nxe7 13. Nf3 O-O 14. O-O c4 15. Be2 f5 16. b3 cxb3 17. axb3 a6 18. c4 Nf6 19. Ne5 Nc6 20. Ng6 Rfe8 21. c5 Qc7 22. Bf3 Qf7 23. Nf4 g5 24. Nd3 g4 25. Be2 e5 26. dxe5 Nxe5 27. Nf4 Kg7 28. b4 Nc6 29. b5 axb5 30. Bxb5 Ne4 31. Rfd1 Red8 32. Qb2+ Kh7 33. Rac1 h5 34. Be2 Rd7 35. f3 Nf6 36. fxg4 hxg4 37. Bd3 Ne4 38. Bxe4 dxe4 39. Qf2 Rcd8 40. Qh4+ Kg8 41. Qg5+ Kh7 42. Qh4+ Kg8 43. Qg5+ Kh7 44. Rxd7 Rxd7 45. Nh5 Rd2 46. Nf6+ Kh8 47. Qh6+ 1-0

[Event "African Online-ch Open 2021"]
[Site "Online"]
[Date "2021.02.01"]
[Round "8.23"]
[White "Monaheng Motlomelo"]
[Black "Ebersohn, Raymond Gerhard"]
[Result "0-1"]
[ECO "B27"]
[WhiteElo "1538"]
[BlackElo "1726"]
[Annotator "NA RC"]
[PlyCount "56"]
[EventDate "2021.02.01"]
[EventType "swiss"]
[EventCountry "NET"]
[SourceTitle "playchess.com"]
[Source "ChessBase"]
[SourceQuality "1"]
[TimeControl "1500+10"]

1. e4 c5 2. Nf3 g6 3. Bc4 Bg7 4. O-O e6 5. Nc3 Ne7 6. a3 O-O 7. d3 Nbc6 8. Rb1 a6 9. Be3 d5 10. exd5 exd5 11. Nxd5 Nxd5 12. Bxc5 Re8 13. h3 Be6 14. Re1 Rc8 15. Bxd5 Qxd5 16. Be3 b5 17. b3 Nd4 18. Nxd4 Bxd4 19. c4 Qd6 20. Qc1 Bf5 21. g4 Bxd3 22. Qd2 Bxb1 23. Rxb1 Rcd8 24. Rd1 Rxe3 25. fxe3 Bxe3+ 26. Qxe3 Qxd1+ 27. Kg2 Rd2+ 28. Kg3 Rd3 0-1

[Event "African Online-ch Open 2021"]
[Site "Online"]
[Date "2021.02.01"]
[Round "9.21"]
[White "Khalema, Sechaba"]
[Black "Ebersohn, Raymond Gerhard"]
[Result "0-1"]
[ECO "E14"]
[WhiteElo "1827"]
[BlackElo "1726"]
[Annotator "NA RC"]
[PlyCount "72"]
[EventDate "2021.02.01"]
[EventType "swiss"]
[EventCountry "NET"]
[SourceTitle "playchess.com"]
[Source "ChessBase"]
[SourceQuality "1"]
[TimeControl "1500+10"]

1. d4 Nf6 2. c4 e6 3. Nf3 Bb4+ 4. Nbd2 b6 5. e3 Bb7 6. Bd3 Ne4 7. O-O Nxd2 8. Bxd2 Bxd2 9. Nxd2 f5 10. f4 Qf6 11. b4 O-O 12. Be2 Nc6 13. Bf3 Nd8 14. Nb3 Bxf3 15. Qxf3 Nf7 16. a4 Nd6 17. Rfc1 Ne4 18. c5 Rac8 19. Rc2 c6 20. Qf1 Rb8 21. b5 Rfc8 22. Rac1 cxb5 23. axb5 bxc5 24. dxc5 e5 25. Qd3 exf4 26. exf4 Qh6 27. g3 Qe6 28. Ra1 Rc7 29. Ra6 Qe7 30. Rd6 Nxd6 31. cxd6 Qe1+ 32. Kg2 Rxc2+ 33. Qxc2 Qe4+ 34. Qxe4 fxe4 35. Nc5 Rxb5 36. Nxd7 Rd5 0-1